Patriotes vs Little Stars
Created - January 8, 2019 at 19:01
Goals
|
| Patriotes |
2 |
2 |
2 |
6 |
| Little Stars |
0 |
0 |
1 |
1 |
|
Shots
|
| Patriotes |
13 |
18 |
8 |
39 |
| Little Stars |
6 |
11 |
12 |
29 |
|
1st period
1. Patriotes , Tyler Randell 22 (Jason Zucker 29, Evgeny Kuznetsov 28) at 12:53
2. Patriotes , Jason Zucker 25 (Matt Calvert 18, Timothy Kunes 29) at 15:27
Penalties :
Jesse Joensuu (Tex) for Holding (Minor) at 0:45, Emerson Etem (Nyc) for Slashing (Minor) at 16:08, Jared Knight (Nyc) for Roughing (Minor) at 18:16
2nd period
3. Patriotes , Evgeny Kuznetsov 19 (Jason Zucker 30, Tyler Randell 28) at 1:28
4. Patriotes , Justin Florek 13 (David Kolomatis 9, Christian Hanson 27) at 17:15
Penalties :
Justin Auger (Tex) for High sticking (Minor) at 5:50, Emerson Etem (Nyc) for Holding (Minor) at 11:07, Shawn Matthias (Tex) for Fighting (Major) at 18:29, Aaron Ness (Nyc) for Fighting (Major) at 18:29, Shawn Matthias (Tex) for instigated a fight (Minor) at 18:29, Shawn Matthias (Tex) for instigated a fight (10 Minutes Misconduct) at 18:29
3rd period
5. Little Stars , Andrej Sustr 3 (Jesse Joensuu 17, Scott Kosmachuck 6) at 2:10 (PP)
6. Patriotes , Dale Weise 3 (Vince Hinostroza 7, Aleksander Barkov 23) at 7:29
7. Patriotes , Christian Hanson 15 (Borna Rendulic 3) at 8:02
Penalties :
Timothy Kunes (Nyc) for High sticking (Minor) at 1:35
Goalie Stats
Andrei Vasilevskiy (Nyc), 28 saves from 29 shots - (0.966), W, 8-3-3, 60:00 minutes
Matt Murray (Tex), 33 saves from 39 shots - (0.846), L, 9-8-2, 60:00 minutes
Players Stats for Patriotes
Player Name G A P +/- PIM S H SB GA TA FO MP PP MP PK MP
------------------------------------------------------------------------------------
Aaron Ness 0 0 0 2 5 1 1 1 0 0 0/0 16:55 0:00 0:00
Aleksander Barkov 0 1 1 0 0 0 2 0 0 0 6/10 12:27 0:00 0:00
Austin Watson 0 0 0 0 0 0 0 0 0 0 0/0 1:18 0:00 0:57
Borna Rendulic 0 1 1 2 0 0 2 0 0 0 0/0 9:55 0:00 0:00
Christian Hanson 1 1 2 2 0 5 3 1 0 1 5/8 17:10 3:27 3:47
Dale Weise 1 0 1 1 0 1 3 0 0 0 0/0 8:38 0:00 0:00
David Kolomatis 0 1 1 3 0 4 0 2 0 0 0/0 21:53 2:02 3:10
Dillon Heatherington 0 0 0 1 0 0 0 1 0 0 0/0 15:30 0:00 3:22
Emerson Etem 0 0 0 0 4 1 3 0 1 0 0/1 15:32 2:30 0:00
Evgeny Kuznetsov 1 1 2 3 0 1 2 1 0 0 12/24 18:39 2:30 0:00
Jared Knight 0 0 0 1 2 2 2 0 0 0 1/2 8:42 0:00 0:00
Jason Zucker 1 2 3 3 0 3 0 0 0 1 3/6 23:22 3:27 3:47
Justin Florek 1 0 1 2 0 3 2 1 0 0 0/0 9:55 0:00 0:00
Mario Lucia 0 0 0 0 0 0 0 0 0 0 0/0 0:00 0:00 0:00
Matt Calvert 0 1 1 0 0 4 1 1 1 0 0/0 17:06 2:30 1:48
Maxim Mamin 0 0 0 0 0 0 0 0 0 0 0/0 0:00 0:00 0:00
Riley Barber 0 0 0 0 0 0 0 0 0 0 0/0 0:59 0:00 0:57
Robert Baillargeon 0 0 0 0 0 0 0 0 0 0 0/0 0:00 0:00 0:00
Ryan Fitzgerald 0 0 0 0 0 0 0 0 0 0 0/0 0:00 0:00 0:00
Shane Sims 0 0 0 3 0 4 1 1 0 0 0/0 22:54 2:02 3:10
Shea Theodore 0 0 0 1 0 2 0 1 0 1 0/0 16:07 3:55 0:00
Timothy Kunes 0 1 1 2 2 1 1 2 1 3 0/0 26:39 3:55 3:22
Tyler Randell 1 1 2 3 0 4 6 0 0 0 0/0 21:04 3:27 1:48
Vince Hinostroza 0 1 1 1 0 3 1 0 2 0 0/0 8:38 0:00 0:00
Players Stats for Little Stars
Player Name G A P +/- PIM S H SB GA TA FO MP PP MP PK MP
------------------------------------------------------------------------------------
Alexander Vasyunov 0 0 0 -3 0 2 1 2 0 0 1/2 11:35 0:00 0:00
Andrej Sustr 1 0 1 -3 0 1 1 3 0 1 0/0 27:02 3:59 3:22
Anton Cederholm 0 0 0 -1 0 0 0 2 0 1 0/0 10:56 0:00 0:00
Bo Horvat 0 0 0 0 0 0 1 0 1 0 2/3 7:58 0:00 1:08
Brian Flynn 0 0 0 -2 0 4 1 0 0 0 13/30 19:33 3:41 1:27
Cam Atkinson 0 0 0 -2 0 1 3 0 2 0 0/0 22:11 3:41 4:02
Dana Tyrell 0 0 0 -1 0 4 0 0 0 0 2/6 19:48 2:41 2:18
Emile Poirier 0 0 0 -1 0 0 1 0 0 0 1/1 6:29 0:30 0:00
Jesse Joensuu 0 1 1 -1 2 2 3 0 0 0 0/0 17:26 2:41 0:00
Jordie Benn 0 0 0 -2 0 3 1 2 1 2 0/0 22:02 2:33 2:35
Justin Auger 0 0 0 -3 2 0 1 0 0 0 0/0 12:38 0:10 0:00
Mathieu Perreault 0 0 0 -3 0 3 1 0 0 0 4/5 13:14 0:10 0:00
Michael Mersch 0 0 0 0 0 1 0 0 0 0 0/0 7:05 0:00 0:28
Scott Kosmachuck 0 1 1 -1 0 1 1 0 0 0 0/1 17:05 2:41 0:00
Shawn Matthias 0 0 0 -1 17 3 2 1 1 1 1/3 18:58 3:21 2:31
Tucker Poolman 0 0 0 -1 0 0 1 0 0 0 0/0 10:56 0:00 0:00
Tyler Wotherspoon 0 0 0 -2 0 2 0 2 0 0 0/0 22:02 2:33 2:35
Tyson Barrie 0 0 0 -3 0 2 0 3 1 0 0/0 27:02 3:59 3:22
3 Stars
1 - Tyler Randell (Nyc)
2 - Jason Zucker (Nyc)
3 - Evgeny Kuznetsov (Nyc)
Power Play
Patriotes - 0 on 3 Attempt(s) - 0.00%
Little Stars - 1 on 4 Attempt(s) - 25.00%
Penalty Kill
Patriotes - 3 on 4 Attempt(s) - 75.00%
- Score 0 goal in Penalty Kill
Little Stars - 3 on 3 Attempt(s) - 100.00%
- Score 0 goal in Penalty Kill
Team Stat
Patriotes - Hits : 30 - Faceoff Wins : 27 - Blocked Shots : 12 - Penalty Minutes : 13
Little Stars - Hits : 18 - Faceoff Wins : 24 - Blocked Shots : 15 - Penalty Minutes : 21
Official
Referees : Unknown
Linesman : Unknown
Game Notes
Shawn Matthias beats up Aaron Ness at 18:29 of 2nd period
Finance
Level 1 -- Attendance: 1468 (73.40%) -- Ticket Income $51,380
Level 2 -- Attendance: 785 (78.50%) -- Ticket Income $15,700
Total Attendance: 2253 (75.10%)
Total Ticket Income: $67,080
Other Income: $3,354
Total Income: $70,434
Patriotes
5 vs 5 Forward
Center Left Wing Right Wing Time % Phy DF OF
1 Evgeny Kuznetsov Jason Zucker Tyler Randell 40 1 2 2
2 Aleksander Barkov Matt Calvert Emerson Etem 30 1 2 2
3 Christian Hanson Justin Florek Borna Rendulic 20 1 2 2
4 Jared Knight Vince Hinostroza Dale Weise 10 1 2 2
5 vs 5 Defense
Defense Defense Time % Phy DF OF
1 Timothy Kunes Aaron Ness 40 1 2 2
2 Shane Sims David Kolomatis 30 1 2 2
3 Shea Theodore Dillon Heatherington 20 1 2 2
4 Timothy Kunes Shane Sims 10 1 2 2
PowerPlay Forward
Center Left Wing Right Wing Time % Phy DF OF
1 Christian Hanson Jason Zucker Tyler Randell 60 1 2 2
2 Evgeny Kuznetsov Matt Calvert Emerson Etem 40 1 2 2
PowerPlay Defense
Defense Defense Time % Phy DF OF
1 Timothy Kunes Shea Theodore 60 1 2 2
2 Shane Sims David Kolomatis 40 1 2 2
Penalty Kill 4 Players Forward
Center Wing Time % Phy DF OF
1 Jason Zucker Christian Hanson 60 1 2 2
2 Tyler Randell Matt Calvert 40 1 2 2
Penalty Kill 4 Players Defense
Defense Defense Time % Phy DF OF
1 Timothy Kunes Dillon Heatherington 60 1 2 2
2 Shane Sims David Kolomatis 40 1 2 2
Penalty Kill - 3 Players Forward
Forward Time % Phy DF OF
1 Jason Zucker 60 1 2 2
2 Christian Hanson 40 1 2 2
Penalty Kill - 3 Players Defense
Defense Defense Time % Phy DF OF
1 Timothy Kunes Dillon Heatherington 60 1 2 2
2 Shane Sims David Kolomatis 40 1 2 2
4 vs 4 Forward
Center Wing Time % Phy DF OF
1 Jason Zucker Christian Hanson 60 1 2 2
2 Tyler Randell Matt Calvert 40 1 2 2
4 vs 4 Defense
Defense Defense Time % Phy DF OF
1 Timothy Kunes Shea Theodore 60 1 2 2
2 Shane Sims David Kolomatis 40 1 2 2
Last Minutes Offensive
Center Left Wing Right Wing Defense Defense
Christian Hanson Jason Zucker Tyler Randell Timothy Kunes Shane Sims
Last Minutes Defensive
Center Left Wing Right Wing Defense Defense
Christian Hanson Jason Zucker Tyler Randell Timothy Kunes Shane Sims
Goaltenders
Starting : Andrei Vasilevskiy
Backup : Thomas Greiss
Extra Forwards
Normal : Austin Watson, Ryan Fitzgerald, Riley Barber - PP : Austin Watson, Ryan Fitzgerald - PK : Riley Barber
Extra Defensemen
Normal : Shea Theodore, Dillon Heatherington, Shane Sims - PP : Shea Theodore - PK : Dillon Heatherington, Shane Sims
Penalty Shots
Jason Zucker, Christian Hanson, Tyler Randell, Matt Calvert, Evgeny Kuznetsov
Scratches
Phoenix Copley (Healthy)
Little Stars
5 vs 5 Forward
Center Left Wing Right Wing Time % Phy DF OF
1 Brian Flynn Shawn Matthias Cam Atkinson 40 1 2 2
2 Dana Tyrell Jesse Joensuu Scott Kosmachuck 30 1 2 2
3 Mathieu Perreault Alexander Vasyunov Justin Auger 20 1 2 2
4 Bo Horvat Michael Mersch Shawn Matthias 10 1 2 2
5 vs 5 Defense
Defense Defense Time % Phy DF OF
1 Andrej Sustr Tyson Barrie 40 1 2 2
2 Jordie Benn Tyler Wotherspoon 30 1 2 2
3 Anton Cederholm Tucker Poolman 20 1 2 2
4 Andrej Sustr Tyson Barrie 10 1 2 2
PowerPlay Forward
Center Left Wing Right Wing Time % Phy DF OF
1 Brian Flynn Shawn Matthias Cam Atkinson 60 0 2 3
2 Dana Tyrell Jesse Joensuu Scott Kosmachuck 40 0 2 3
PowerPlay Defense
Defense Defense Time % Phy DF OF
1 Andrej Sustr Tyson Barrie 60 0 2 3
2 Jordie Benn Tyler Wotherspoon 40 0 2 3
Penalty Kill 4 Players Forward
Center Wing Time % Phy DF OF
1 Shawn Matthias Cam Atkinson 60 0 3 2
2 Brian Flynn Dana Tyrell 40 0 3 2
Penalty Kill 4 Players Defense
Defense Defense Time % Phy DF OF
1 Andrej Sustr Tyson Barrie 60 0 3 2
2 Jordie Benn Tyler Wotherspoon 40 0 3 2
Penalty Kill - 3 Players Forward
Forward Time % Phy DF OF
1 Shawn Matthias 60 0 3 2
2 Cam Atkinson 40 0 3 2
Penalty Kill - 3 Players Defense
Defense Defense Time % Phy DF OF
1 Andrej Sustr Tyson Barrie 60 0 3 2
2 Jordie Benn Tyler Wotherspoon 40 0 3 2
4 vs 4 Forward
Center Wing Time % Phy DF OF
1 Shawn Matthias Cam Atkinson 60 1 2 2
2 Brian Flynn Dana Tyrell 40 1 2 2
4 vs 4 Defense
Defense Defense Time % Phy DF OF
1 Andrej Sustr Tyson Barrie 60 1 2 2
2 Jordie Benn Tyler Wotherspoon 40 1 2 2
Last Minutes Offensive
Center Left Wing Right Wing Defense Defense
Brian Flynn Shawn Matthias Cam Atkinson Andrej Sustr Tyson Barrie
Last Minutes Defensive
Center Left Wing Right Wing Defense Defense
Brian Flynn Shawn Matthias Cam Atkinson Andrej Sustr Tyson Barrie
Goaltenders
Starting : Matt Murray
Backup : Peter Delmas
Extra Forwards
Normal : Emile Poirier, Mathieu Perreault, Bo Horvat - PP : Emile Poirier, Mathieu Perreault - PK : Bo Horvat
Extra Defensemen
Normal : Anton Cederholm, Tucker Poolman, Jordie Benn - PP : Anton Cederholm - PK : Tucker Poolman, Jordie Benn
Penalty Shots
Shawn Matthias, Cam Atkinson, Brian Flynn, Dana Tyrell, Jesse Joensuu
Scratches
Daniel O'regan (Healthy), Zach Budish (Strained Right Knee Injury), Reece Willcox (Healthy), Ville Pokka (Healthy), Jason Dickinson (Healthy)
Spencer Martin (Healthy)
% Time on Ice - Patriotes
Lines # - Real PCT - Wanted PCT - Time Play
Normal Forward
1 - 34% - 40% - 16:10
2 - 27% - 30% - 12:48
3 - 21% - 20% - 9:55
4 - 18% - 10% - 8:38
Normal Defense
1 - 40% - 40% - 19:01
2 - 35% - 30% - 16:41
3 - 23% - 20% - 10:48
4 - 2% - 10% - 1:01
PP Forward
1 - 58% - 60% - 3:27
2 - 42% - 40% - 2:30
PP Defense
1 - 66% - 60% - 3:55
2 - 34% - 40% - 2:02
PK Forward
1 - 72% - 60% - 4:44
2 - 28% - 40% - 1:48
PK Defense
1 - 52% - 60% - 3:22
2 - 48% - 40% - 3:10
PK3 Forward
1 - 0% - 60%
2 - 0% - 40%
PK3 Defense
1 - 0% - 60%
2 - 0% - 40%
44 Forward
1 - 0% - 60%
2 - 0% - 40%
44 Defense
1 - 0% - 60%
2 - 0% - 40%
Last Minute Offensive - 0:00
Last Minute Defensive - 0:00
Total
Forward - 60:00
Defense - 60:00
|
% Time on Ice - Little Stars
Lines # - Real PCT - Wanted PCT - Time Play
Normal Forward
1 - 31% - 40% - 14:39
2 - 31% - 30% - 14:46
3 - 24% - 20% - 11:35
4 - 14% - 10% - 6:31
Normal Defense
1 - 39% - 40% - 18:44
2 - 36% - 30% - 16:54
3 - 23% - 20% - 10:56
4 - 2% - 10% - 0:57
PP Forward
1 - 59% - 60% - 3:51
2 - 41% - 40% - 2:41
PP Defense
1 - 61% - 60% - 3:59
2 - 39% - 40% - 2:33
PK Forward
1 - 76% - 60% - 4:30
2 - 24% - 40% - 1:27
PK Defense
1 - 57% - 60% - 3:22
2 - 43% - 40% - 2:35
PK3 Forward
1 - 0% - 60%
2 - 0% - 40%
PK3 Defense
1 - 0% - 60%
2 - 0% - 40%
44 Forward
1 - 0% - 60%
2 - 0% - 40%
44 Defense
1 - 0% - 60%
2 - 0% - 40%
Last Minute Offensive - 0:00
Last Minute Defensive - 0:00
Total
Forward - 60:00
Defense - 60:00
|
Play-by-Play
1st period
0:01 of 1st period - Brian Flynn wins face-off versus Evgeny Kuznetsov in neutral zone.
0:11 of 1st period - Cam Atkinson is hit by Tyler Randell and loses puck.
0:26 of 1st period - Tyson Barrie is hit by Matt Calvert and loses puck.
0:37 of 1st period - Snap shot by Aleksander Barkov.
0:37 of 1st period - Shot Blocked by Tyson Barrie.
0:45 of 1st period - Minor Penalty to Jesse Joensuu for Holding.
0:46 of 1st period - Christian Hanson wins face-off versus Shawn Matthias in Little Stars zone.
0:55 of 1st period - Slapshot by Christian Hanson.
0:55 of 1st period - Stopped by Matt Murray with a rebound.
0:57 of 1st period - Wrist shot by Christian Hanson.
0:57 of 1st period - Deflect By Jason Zucker.
0:57 of 1st period - Stopped by Matt Murray without a rebound.
0:58 of 1st period - Brian Flynn wins face-off versus Evgeny Kuznetsov in Little Stars zone.
1:07 of 1st period - Wrist shot by Cam Atkinson.
1:07 of 1st period - Shot Blocked by Matt Calvert.
2:45 of 1st period - Penalty to Jesse Joensuu is over, Jesse Joensuu is back on ice.
2:51 of 1st period - Jesse Joensuu is hit by Vince Hinostroza and loses puck.
4:23 of 1st period - Tyson Barrie is hit by Dale Weise and loses puck.
5:27 of 1st period - Jason Zucker is hit by Shawn Matthias and loses puck.
5:38 of 1st period - Mathieu Perreault is hit by Christian Hanson.
7:27 of 1st period - Brian Flynn is hit by Emerson Etem and loses puck.
8:05 of 1st period - Dana Tyrell is hit by Justin Florek and loses puck.
8:16 of 1st period - Tucker Poolman is hit by Dale Weise and loses puck.
8:23 of 1st period - David Kolomatis is hit by Scott Kosmachuck and loses puck.
8:34 of 1st period - Snap shot by Jesse Joensuu.
8:34 of 1st period - Shot Misses the Net.
8:45 of 1st period - Slapshot by Shane Sims.
8:45 of 1st period - Stopped by Matt Murray with a rebound.
8:47 of 1st period - Slapshot by David Kolomatis.
8:47 of 1st period - Deflect By Jordie Benn.
8:47 of 1st period - Stopped by Matt Murray with a rebound.
8:49 of 1st period - Snap shot by David Kolomatis.
8:49 of 1st period - Deflect By Vince Hinostroza.
8:49 of 1st period - Shot Misses the Net.
8:49 of 1st period - Puck is out of play.
8:50 of 1st period - Brian Flynn wins face-off versus Evgeny Kuznetsov in Little Stars zone.
9:07 of 1st period - Timothy Kunes is hit by Cam Atkinson and loses puck.
9:20 of 1st period - Backhand shot by Jason Zucker.
9:20 of 1st period - Shot Blocked by Tyson Barrie.
9:22 of 1st period - Snap shot by Aaron Ness.
9:22 of 1st period - Stopped by Matt Murray without a rebound.
9:23 of 1st period - Alexander Vasyunov wins face-off versus Aleksander Barkov in Little Stars zone.
9:34 of 1st period - Wrist shot by Matt Calvert.
9:34 of 1st period - Shot Blocked by Tyler Wotherspoon.
9:36 of 1st period - Slapshot by Shea Theodore.
9:36 of 1st period - Deflect By Aleksander Barkov.
9:36 of 1st period - Shot Blocked by Tyler Wotherspoon.
9:36 of 1st period - Puck is out of play.
9:37 of 1st period - Evgeny Kuznetsov wins face-off versus Brian Flynn in Little Stars zone.
9:42 of 1st period - Snap shot by Tyler Randell.
9:42 of 1st period - Stopped by Matt Murray with a rebound.
9:44 of 1st period - Snap shot by Tyler Randell.
9:44 of 1st period - Shot Misses the Net.
9:52 of 1st period - Snap shot by Jason Zucker.
9:52 of 1st period - Stopped by Matt Murray without a rebound.
9:53 of 1st period - Aleksander Barkov wins face-off versus Brian Flynn in Little Stars zone.
10:04 of 1st period - Snap shot by Shawn Matthias.
10:04 of 1st period - Shot Misses the Net.
10:06 of 1st period - Slapshot by Tyson Barrie.
10:06 of 1st period - Stopped by Andrei Vasilevskiy with a rebound.
10:08 of 1st period - Slapshot by Tyson Barrie.
10:08 of 1st period - Shot Blocked by Timothy Kunes.
10:18 of 1st period - Andrej Sustr is hit by Evgeny Kuznetsov and loses puck.
10:45 of 1st period - Slapshot by Timothy Kunes.
10:45 of 1st period - Stopped by Matt Murray without a rebound.
10:46 of 1st period - Brian Flynn wins face-off versus Evgeny Kuznetsov in Little Stars zone.
10:53 of 1st period - David Kolomatis is hit by Cam Atkinson and loses puck.
11:00 of 1st period - Snap shot by Jason Zucker.
11:00 of 1st period - Shot Misses the Net.
11:02 of 1st period - Slapshot by Tyler Randell.
11:02 of 1st period - Deflect By Jason Zucker.
11:02 of 1st period - Shot Misses the Net.
11:02 of 1st period - Puck is out of play.
11:03 of 1st period - Aleksander Barkov wins face-off versus Scott Kosmachuck in Little Stars zone.
11:28 of 1st period - Jason Zucker is hit by Cam Atkinson and loses puck.
12:15 of 1st period - Wrist shot by Matt Calvert.
12:15 of 1st period - Stopped by Matt Murray with a rebound.
12:33 of 1st period - Wrist shot by Dana Tyrell.
12:33 of 1st period - Stopped by Andrei Vasilevskiy with a rebound.
12:45 of 1st period - Snap shot by Aleksander Barkov.
12:45 of 1st period - Shot Blocked by Anton Cederholm.
12:47 of 1st period - Slapshot by Shea Theodore.
12:47 of 1st period - Deflect By Dana Tyrell.
12:47 of 1st period - Stopped by Matt Murray without a rebound.
12:48 of 1st period - Evgeny Kuznetsov wins face-off versus Brian Flynn in Little Stars zone.
12:49 of 1st period - Backhand shot by Jason Zucker.
12:49 of 1st period - Shot Blocked by Shawn Matthias.
12:51 of 1st period - Snap shot by Tyler Randell.
12:51 of 1st period - Stopped by Matt Murray with a rebound.
12:53 of 1st period - Wrist shot by Tyler Randell.
12:53 of 1st period - Goal by Tyler Randell - Patriotes : 1 - Little Stars : 0.
12:54 of 1st period - Evgeny Kuznetsov wins face-off versus Brian Flynn in neutral zone.
13:23 of 1st period - Snap shot by Mathieu Perreault.
13:23 of 1st period - Stopped by Andrei Vasilevskiy without a rebound.
13:24 of 1st period - Mathieu Perreault wins face-off versus Aleksander Barkov in Patriotes zone.
13:30 of 1st period - Off-side.
13:31 of 1st period - Aleksander Barkov wins face-off versus Brian Flynn in neutral zone.
14:45 of 1st period - Slapshot by Shawn Matthias.
14:45 of 1st period - Stopped by Andrei Vasilevskiy with a rebound.
14:51 of 1st period - Shawn Matthias is hit by Jared Knight.
15:05 of 1st period - Slapshot by Dana Tyrell.
15:05 of 1st period - Shot Misses the Net.
15:25 of 1st period - Snap shot by Jason Zucker.
15:25 of 1st period - Shot Misses the Net.
15:27 of 1st period - Slapshot by Jason Zucker.
15:27 of 1st period - Goal by Jason Zucker - Patriotes : 2 - Little Stars : 0.
15:28 of 1st period - Brian Flynn wins face-off versus Evgeny Kuznetsov in neutral zone.
15:37 of 1st period - Snap shot by Brian Flynn.
15:37 of 1st period - Shot Misses the Net.
15:39 of 1st period - Slapshot by Tyson Barrie.
15:39 of 1st period - Shot Blocked by Evgeny Kuznetsov.
15:43 of 1st period - Backhand shot by Cam Atkinson.
15:43 of 1st period - Shot Blocked by Shane Sims.
16:02 of 1st period - Snap shot by Jesse Joensuu.
16:02 of 1st period - Stopped by Andrei Vasilevskiy without a rebound.
16:03 of 1st period - Aleksander Barkov wins face-off versus Brian Flynn in Patriotes zone.
16:03 of 1st period - Aleksander Barkov is hit by Shawn Matthias.
16:08 of 1st period - Minor Penalty to Emerson Etem for Slashing.
16:09 of 1st period - Brian Flynn wins face-off versus Christian Hanson in Patriotes zone.
16:39 of 1st period - Off-side.
16:40 of 1st period - Dana Tyrell wins face-off versus Jason Zucker in neutral zone.
18:08 of 1st period - Penalty to Emerson Etem is over, Emerson Etem is back on ice.
18:16 of 1st period - Minor Penalty to Jared Knight for Roughing.
18:17 of 1st period - Jason Zucker wins face-off versus Brian Flynn in Patriotes zone.
18:33 of 1st period - Wrist shot by Brian Flynn.
18:33 of 1st period - Stopped by Andrei Vasilevskiy without a rebound.
18:34 of 1st period - Jason Zucker wins face-off versus Brian Flynn in Patriotes zone.
18:34 of 1st period - Jason Zucker is hit by Andrej Sustr.
19:09 of 1st period - Jason Zucker is hit by Jesse Joensuu.
Goals for this period are 2 for Patriotes vs 0 for Little Stars.
Shots for this period are 13 for Patriotes vs 6 for Little Stars.
2nd period
0:01 of 2nd period - Brian Flynn wins face-off versus Jason Zucker in neutral zone.
0:12 of 2nd period - Snap shot by Cam Atkinson.
0:12 of 2nd period - Deflect By Shawn Matthias.
0:12 of 2nd period - Stopped by Andrei Vasilevskiy with a rebound.
0:16 of 2nd period - Penalty to Jared Knight is over, Jared Knight is back on ice.
0:33 of 2nd period - Slapshot by Shane Sims.
0:33 of 2nd period - Deflect By Tyson Barrie.
0:33 of 2nd period - Stopped by Matt Murray without a rebound.
0:34 of 2nd period - Evgeny Kuznetsov wins face-off versus Brian Flynn in Little Stars zone.
0:45 of 2nd period - Wrist shot by Brian Flynn.
0:45 of 2nd period - Stopped by Andrei Vasilevskiy with a rebound.
0:47 of 2nd period - Slapshot by Jordie Benn.
0:47 of 2nd period - Stopped by Andrei Vasilevskiy with a rebound.
0:49 of 2nd period - Snap shot by Shawn Matthias.
0:49 of 2nd period - Shot Misses the Net.
1:18 of 2nd period - Snap shot by Tyler Randell.
1:18 of 2nd period - Shot Misses the Net.
1:20 of 2nd period - Snap shot by Tyler Randell.
1:20 of 2nd period - Shot Misses the Net.
1:22 of 2nd period - Snap shot by Tyler Randell.
1:22 of 2nd period - Shot Misses the Net.
1:24 of 2nd period - Wrist shot by Jason Zucker.
1:24 of 2nd period - Shot Misses the Net.
1:26 of 2nd period - Wrist shot by Evgeny Kuznetsov.
1:26 of 2nd period - Shot Blocked by Alexander Vasyunov.
1:28 of 2nd period - Wrist shot by Evgeny Kuznetsov.
1:28 of 2nd period - Goal by Evgeny Kuznetsov - Patriotes : 3 - Little Stars : 0.
1:29 of 2nd period - Brian Flynn wins face-off versus Emerson Etem in neutral zone.
2:28 of 2nd period - Andrej Sustr is hit by Tyler Randell and loses puck.
3:24 of 2nd period - Snap shot by Bo Horvat.
3:24 of 2nd period - Shot Blocked by Dillon Heatherington.
3:56 of 2nd period - Jared Knight is hit by Jesse Joensuu and loses puck.
4:14 of 2nd period - Aleksander Barkov is hit by Jordie Benn and loses puck.
4:41 of 2nd period - Snap shot by Vince Hinostroza.
4:41 of 2nd period - Stopped by Matt Murray with a rebound.
4:43 of 2nd period - Wrist shot by Jared Knight.
4:43 of 2nd period - Stopped by Matt Murray without a rebound.
4:44 of 2nd period - Jared Knight wins face-off versus Brian Flynn in Little Stars zone.
4:45 of 2nd period - Slapshot by Vince Hinostroza.
4:45 of 2nd period - Stopped by Matt Murray with a rebound.
4:47 of 2nd period - Slapshot by Aaron Ness.
4:47 of 2nd period - Shot Misses the Net.
4:51 of 2nd period - Snap shot by Jared Knight.
4:51 of 2nd period - Stopped by Matt Murray without a rebound.
4:52 of 2nd period - Dana Tyrell wins face-off versus Evgeny Kuznetsov in Little Stars zone.
5:17 of 2nd period - Tucker Poolman is hit by Aleksander Barkov and loses puck.
5:30 of 2nd period - Emerson Etem is hit by Brian Flynn.
5:41 of 2nd period - Off-side.
5:42 of 2nd period - Christian Hanson wins face-off versus Alexander Vasyunov in neutral zone.
5:50 of 2nd period - Minor Penalty to Justin Auger for High sticking.
5:51 of 2nd period - Christian Hanson wins face-off versus Shawn Matthias in Little Stars zone.
5:57 of 2nd period - Wrist shot by Jason Zucker.
5:57 of 2nd period - Shot Blocked by Andrej Sustr.
6:28 of 2nd period - Snap shot by Matt Calvert.
6:28 of 2nd period - Stopped by Matt Murray without a rebound.
6:29 of 2nd period - Brian Flynn wins face-off versus Christian Hanson in Little Stars zone.
6:59 of 2nd period - Brian Flynn is hit by Christian Hanson.
7:17 of 2nd period - Off-side.
7:18 of 2nd period - Shawn Matthias wins face-off versus Evgeny Kuznetsov in neutral zone.
7:27 of 2nd period - Shawn Matthias is hit by Tyler Randell and loses puck.
7:50 of 2nd period - Penalty to Justin Auger is over, Justin Auger is back on ice.
8:08 of 2nd period - Dale Weise is hit by Jesse Joensuu and loses puck.
8:15 of 2nd period - Snap shot by Scott Kosmachuck.
8:15 of 2nd period - Shot Misses the Net.
8:17 of 2nd period - Snap shot by Dana Tyrell.
8:17 of 2nd period - Shot Misses the Net.
8:19 of 2nd period - Snap shot by Dana Tyrell.
8:19 of 2nd period - Stopped by Andrei Vasilevskiy without a rebound.
8:20 of 2nd period - Mathieu Perreault wins face-off versus Evgeny Kuznetsov in Patriotes zone.
8:23 of 2nd period - Wrist shot by Mathieu Perreault.
8:23 of 2nd period - Stopped by Andrei Vasilevskiy without a rebound.
8:24 of 2nd period - Evgeny Kuznetsov wins face-off versus Mathieu Perreault in Patriotes zone.
8:37 of 2nd period - Snap shot by Mathieu Perreault.
8:37 of 2nd period - Shot Misses the Net.
8:49 of 2nd period - Tyler Wotherspoon is hit by Shane Sims and loses puck.
9:40 of 2nd period - Icing by Aaron Ness.
9:41 of 2nd period - Evgeny Kuznetsov wins face-off versus Brian Flynn in Patriotes zone.
10:16 of 2nd period - Slapshot by Matt Calvert.
10:16 of 2nd period - Stopped by Matt Murray with a rebound.
10:30 of 2nd period - Snap shot by Jared Knight.
10:30 of 2nd period - Shot Misses the Net.
10:38 of 2nd period - Slapshot by Shane Sims.
10:38 of 2nd period - Stopped by Matt Murray without a rebound.
10:39 of 2nd period - Brian Flynn wins face-off versus Evgeny Kuznetsov in Little Stars zone.
11:07 of 2nd period - Minor Penalty to Emerson Etem for Holding.
11:08 of 2nd period - Jason Zucker wins face-off versus Brian Flynn in Patriotes zone.
11:43 of 2nd period - Slapshot by Jordie Benn.
11:43 of 2nd period - Stopped by Andrei Vasilevskiy with a rebound.
12:35 of 2nd period - Shawn Matthias is hit by Timothy Kunes and loses puck.
13:07 of 2nd period - Penalty to Emerson Etem is over, Emerson Etem is back on ice.
13:13 of 2nd period - Shane Sims is hit by Justin Auger and loses puck.
13:24 of 2nd period - Snap shot by Vince Hinostroza.
13:24 of 2nd period - Shot Misses the Net.
13:26 of 2nd period - Slapshot by Shane Sims.
13:26 of 2nd period - Stopped by Matt Murray without a rebound.
13:27 of 2nd period - Bo Horvat wins face-off versus Jared Knight in Little Stars zone.
13:45 of 2nd period - Tyler Wotherspoon is hit by Dale Weise and loses puck.
13:52 of 2nd period - Wrist shot by Vince Hinostroza.
13:52 of 2nd period - Stopped by Matt Murray with a rebound.
13:58 of 2nd period - Snap shot by Michael Mersch.
13:58 of 2nd period - Shot Misses the Net.
14:00 of 2nd period - Backhand shot by Tyler Wotherspoon.
14:00 of 2nd period - Shot Blocked by Shea Theodore.
14:02 of 2nd period - Snap shot by Michael Mersch.
14:02 of 2nd period - Stopped by Andrei Vasilevskiy with a rebound.
14:08 of 2nd period - Snap shot by Shawn Matthias.
14:08 of 2nd period - Stopped by Andrei Vasilevskiy without a rebound.
14:09 of 2nd period - Evgeny Kuznetsov wins face-off versus Dana Tyrell in Patriotes zone.
14:34 of 2nd period - Alexander Vasyunov is hit by Emerson Etem and loses puck.
14:41 of 2nd period - Snap shot by Emerson Etem.
14:41 of 2nd period - Stopped by Matt Murray with a rebound.
14:43 of 2nd period - Wrist shot by Aleksander Barkov.
14:43 of 2nd period - Shot Blocked by Alexander Vasyunov.
14:45 of 2nd period - Snap shot by Matt Calvert.
14:45 of 2nd period - Shot Blocked by Andrej Sustr.
14:47 of 2nd period - Snap shot by Timothy Kunes.
14:47 of 2nd period - Shot Blocked by Tyson Barrie.
16:10 of 2nd period - Jesse Joensuu is hit by Aaron Ness and loses puck.
16:46 of 2nd period - Snap shot by Evgeny Kuznetsov.
16:46 of 2nd period - Shot Blocked by Anton Cederholm.
16:59 of 2nd period - Off-side.
17:00 of 2nd period - Christian Hanson wins face-off versus Dana Tyrell in neutral zone.
17:11 of 2nd period - Snap shot by Christian Hanson.
17:11 of 2nd period - Shot Blocked by Andrej Sustr.
17:13 of 2nd period - Wrist shot by David Kolomatis.
17:13 of 2nd period - Stopped by Matt Murray with a rebound.
17:15 of 2nd period - Wrist shot by Justin Florek.
17:15 of 2nd period - Goal by Justin Florek - Patriotes : 4 - Little Stars : 0.
17:16 of 2nd period - Brian Flynn wins face-off versus Evgeny Kuznetsov in neutral zone.
17:19 of 2nd period - Snap shot by Andrej Sustr.
17:19 of 2nd period - Shot Misses the Net.
17:21 of 2nd period - Slapshot by Tyson Barrie.
17:21 of 2nd period - Stopped by Andrei Vasilevskiy with a rebound.
17:23 of 2nd period - Wrist shot by Brian Flynn.
17:23 of 2nd period - Stopped by Andrei Vasilevskiy with a rebound.
17:25 of 2nd period - Slapshot by Cam Atkinson.
17:25 of 2nd period - Shot Misses the Net.
17:52 of 2nd period - Wrist shot by Dana Tyrell.
17:52 of 2nd period - Stopped by Andrei Vasilevskiy with a rebound.
18:07 of 2nd period - Wrist shot by Justin Florek.
18:07 of 2nd period - Stopped by Matt Murray with a rebound.
18:09 of 2nd period - Wrist shot by Borna Rendulic.
18:09 of 2nd period - Shot Misses the Net.
18:11 of 2nd period - Wrist shot by Christian Hanson.
18:11 of 2nd period - Stopped by Matt Murray with a rebound.
18:13 of 2nd period - Wrist shot by David Kolomatis.
18:13 of 2nd period - Deflect By Alexander Vasyunov.
18:13 of 2nd period - Stopped by Matt Murray without a rebound.
18:14 of 2nd period - Brian Flynn wins face-off versus Evgeny Kuznetsov in Little Stars zone.
18:14 of 2nd period - Brian Flynn is hit by Tyler Randell.
18:29 of 2nd period - Shawn Matthias beats up Aaron Ness.
18:29 of 2nd period - Penalty to Shawn Matthias for Fighting.
18:29 of 2nd period - Penalty to Aaron Ness for Fighting.
18:29 of 2nd period - Penalty to Shawn Matthias for instigated a fight.
18:29 of 2nd period - Penalty to Shawn Matthias for instigated a fight.
18:30 of 2nd period - Bo Horvat wins face-off versus Christian Hanson in neutral zone.
18:53 of 2nd period - Bo Horvat is hit by Christian Hanson and loses puck.
19:00 of 2nd period - Snap shot by Tyler Randell.
19:00 of 2nd period - Shot Misses the Net.
19:02 of 2nd period - Snap shot by Christian Hanson.
19:02 of 2nd period - Stopped by Matt Murray without a rebound.
19:03 of 2nd period - Evgeny Kuznetsov wins face-off versus Dana Tyrell in Little Stars zone.
Goals for this period are 2 for Patriotes vs 0 for Little Stars.
Shots for this period are 18 for Patriotes vs 11 for Little Stars.
3rd period
0:01 of 3rd period - Christian Hanson wins face-off versus Bo Horvat in neutral zone.
0:04 of 3rd period - Slapshot by Timothy Kunes.
0:04 of 3rd period - Shot Misses the Net.
0:29 of 3rd period - Penalty to Shawn Matthias is over, Justin Auger is send on ice.
0:36 of 3rd period - Wrist shot by Evgeny Kuznetsov.
0:36 of 3rd period - Shot Misses the Net.
0:50 of 3rd period - Justin Auger is hit by Jared Knight and loses puck.
1:05 of 3rd period - Jordie Benn is hit by Borna Rendulic and loses puck.
1:35 of 3rd period - Minor Penalty to Timothy Kunes for High sticking.
1:36 of 3rd period - Emile Poirier wins face-off versus Jason Zucker in Patriotes zone.
2:06 of 3rd period - Slapshot by Andrej Sustr.
2:06 of 3rd period - Shot Misses the Net.
2:08 of 3rd period - Snap shot by Jesse Joensuu.
2:08 of 3rd period - Shot Misses the Net.
2:10 of 3rd period - Slapshot by Andrej Sustr.
2:10 of 3rd period - Deflect By Matt Calvert.
2:10 of 3rd period - Goal by Andrej Sustr - Patriotes : 4 - Little Stars : 1.
2:11 of 3rd period - Brian Flynn wins face-off versus Evgeny Kuznetsov in neutral zone.
2:26 of 3rd period - Snap shot by Cam Atkinson.
2:26 of 3rd period - Deflect By Brian Flynn.
2:26 of 3rd period - Stopped by Andrei Vasilevskiy with a rebound.
2:36 of 3rd period - Tyson Barrie is hit by Emerson Etem.
2:42 of 3rd period - Snap shot by Emerson Etem.
2:42 of 3rd period - Shot Misses the Net.
3:24 of 3rd period - Snap shot by Brian Flynn.
3:24 of 3rd period - Shot Blocked by David Kolomatis.
3:26 of 3rd period - Snap shot by Brian Flynn.
3:26 of 3rd period - Shot Misses the Net.
4:08 of 3rd period - Slapshot by Matt Calvert.
4:08 of 3rd period - Stopped by Matt Murray with a rebound.
4:20 of 3rd period - Jordie Benn is hit by Borna Rendulic and loses puck.
4:48 of 3rd period - Aaron Ness is hit by Alexander Vasyunov and loses puck.
5:07 of 3rd period - Dillon Heatherington is hit by Tucker Poolman and loses puck.
5:49 of 3rd period - Borna Rendulic is hit by Bo Horvat and loses puck.
6:02 of 3rd period - Brian Flynn is hit by Tyler Randell and loses puck.
6:17 of 3rd period - Slapshot by Shea Theodore.
6:17 of 3rd period - Stopped by Matt Murray without a rebound.
6:18 of 3rd period - Aleksander Barkov wins face-off versus Dana Tyrell in Little Stars zone.
6:37 of 3rd period - Backhand shot by Tyler Wotherspoon.
6:37 of 3rd period - Stopped by Andrei Vasilevskiy with a rebound.
6:56 of 3rd period - Scott Kosmachuck is hit by Evgeny Kuznetsov and loses puck.
7:27 of 3rd period - Snap shot by Vince Hinostroza.
7:27 of 3rd period - Shot Misses the Net.
7:29 of 3rd period - Wrist shot by Dale Weise.
7:29 of 3rd period - Goal by Dale Weise - Patriotes : 5 - Little Stars : 1.
7:30 of 3rd period - Evgeny Kuznetsov wins face-off versus Brian Flynn in neutral zone.
7:55 of 3rd period - Tyson Barrie is hit by Justin Florek and loses puck.
8:02 of 3rd period - Wrist shot by Christian Hanson.
8:02 of 3rd period - Goal by Christian Hanson - Patriotes : 6 - Little Stars : 1.
8:03 of 3rd period - Evgeny Kuznetsov wins face-off versus Brian Flynn in neutral zone.
8:38 of 3rd period - Wrist shot by Dana Tyrell.
8:38 of 3rd period - Shot Blocked by Christian Hanson.
8:40 of 3rd period - Wrist shot by Dana Tyrell.
8:40 of 3rd period - Shot Blocked by Justin Florek.
8:42 of 3rd period - Snap shot by Dana Tyrell.
8:42 of 3rd period - Stopped by Andrei Vasilevskiy without a rebound.
8:43 of 3rd period - Evgeny Kuznetsov wins face-off versus Brian Flynn in Patriotes zone.
8:43 of 3rd period - Evgeny Kuznetsov is hit by Emile Poirier.
8:53 of 3rd period - Wrist shot by Cam Atkinson.
8:53 of 3rd period - Stopped by Andrei Vasilevskiy with a rebound.
10:45 of 3rd period - Slapshot by Jordie Benn.
10:45 of 3rd period - Stopped by Andrei Vasilevskiy with a rebound.
10:47 of 3rd period - Snap shot by Justin Auger.
10:47 of 3rd period - Shot Misses the Net.
11:40 of 3rd period - Snap shot by Dana Tyrell.
11:40 of 3rd period - Shot Blocked by Aaron Ness.
11:42 of 3rd period - Snap shot by Scott Kosmachuck.
11:42 of 3rd period - Shot Misses the Net.
11:44 of 3rd period - Slapshot by Tucker Poolman.
11:44 of 3rd period - Shot Misses the Net.
12:55 of 3rd period - Justin Florek is hit by Mathieu Perreault and loses puck.
13:15 of 3rd period - Michael Mersch is hit by Aleksander Barkov and loses puck.
13:29 of 3rd period - 10 Minutes Misconduct Penalty to Shawn Matthias is over.
14:09 of 3rd period - Slapshot by Mathieu Perreault.
14:09 of 3rd period - Stopped by Andrei Vasilevskiy without a rebound.
14:10 of 3rd period - Mathieu Perreault wins face-off versus Aleksander Barkov in Patriotes zone.
14:15 of 3rd period - Snap shot by Mathieu Perreault.
14:15 of 3rd period - Shot Blocked by Timothy Kunes.
14:17 of 3rd period - Slapshot by Jordie Benn.
14:17 of 3rd period - Deflect By Alexander Vasyunov.
14:17 of 3rd period - Stopped by Andrei Vasilevskiy with a rebound.
14:19 of 3rd period - Slapshot by Jordie Benn.
14:19 of 3rd period - Deflect By Alexander Vasyunov.
14:19 of 3rd period - Stopped by Andrei Vasilevskiy without a rebound.
14:20 of 3rd period - Evgeny Kuznetsov wins face-off versus Brian Flynn in Patriotes zone.
14:27 of 3rd period - Backhand shot by Timothy Kunes.
14:27 of 3rd period - Shot Blocked by Jordie Benn.
14:29 of 3rd period - Slapshot by Jason Zucker.
14:29 of 3rd period - Deflect By Tyler Randell.
14:29 of 3rd period - Stopped by Matt Murray with a rebound.
14:31 of 3rd period - Backhand shot by Tyler Randell.
14:31 of 3rd period - Shot Misses the Net.
14:33 of 3rd period - Snap shot by Evgeny Kuznetsov.
14:33 of 3rd period - Shot Misses the Net.
14:58 of 3rd period - Snap shot by Dana Tyrell.
14:58 of 3rd period - Deflect By Jesse Joensuu.
14:58 of 3rd period - Stopped by Andrei Vasilevskiy with a rebound.
15:59 of 3rd period - Off-side.
16:00 of 3rd period - Mathieu Perreault wins face-off versus Aleksander Barkov in neutral zone.
16:52 of 3rd period - Snap shot by Christian Hanson.
16:52 of 3rd period - Deflect By Justin Florek.
16:52 of 3rd period - Stopped by Matt Murray with a rebound.
16:54 of 3rd period - Snap shot by David Kolomatis.
16:54 of 3rd period - Stopped by Matt Murray without a rebound.
16:55 of 3rd period - Aleksander Barkov wins face-off versus Brian Flynn in Little Stars zone.
17:32 of 3rd period - Snap shot by Dana Tyrell.
17:32 of 3rd period - Deflect By Scott Kosmachuck.
17:32 of 3rd period - Stopped by Andrei Vasilevskiy with a rebound.
17:34 of 3rd period - Snap shot by Dana Tyrell.
17:34 of 3rd period - Shot Misses the Net.
17:36 of 3rd period - Snap shot by Dana Tyrell.
17:36 of 3rd period - Shot Misses the Net.
17:38 of 3rd period - Slapshot by Tyler Wotherspoon.
17:38 of 3rd period - Stopped by Andrei Vasilevskiy with a rebound.
17:58 of 3rd period - Jordie Benn is hit by Tyler Randell and loses puck.
18:09 of 3rd period - Wrist shot by Christian Hanson.
18:09 of 3rd period - Deflect By Bo Horvat.
18:09 of 3rd period - Stopped by Matt Murray with a rebound.
18:53 of 3rd period - Slapshot by Andrej Sustr.
18:53 of 3rd period - Shot Blocked by David Kolomatis.
19:45 of 3rd period - Snap shot by Jason Zucker.
19:45 of 3rd period - Shot Blocked by Jordie Benn.
Goals for this period are 2 for Patriotes vs 1 for Little Stars.
Shots for this period are 8 for Patriotes vs 12 for Little Stars.
Back to the Top